SA
GRIM REAPERS @ NIAGARA FALLS EXPOS
08/10/2028
 
TOP OF THE 1ST
Grim Reapers batting - Pitching for Niagara Falls Expos : RHP Tony Moreno
Pitching: RHP Tony Moreno
Batting: LHB Tung Ji 0-0: Ball
1-0: Ball
2-0: Called Strike
2-1: Ground out 6-3 (Groundball, 6)
Batting: RHB Yoshi Kouda 0-0: Ball
1-0: Ground out 4-3 (Groundball, 4)
Batting: RHB Ignacio Hernández 0-0: Called Strike
0-1: Foul Ball, location: 2F
0-2: Ball
1-2: Ball
2-2: Foul Ball, location: 2F
2-2: SINGLE (Groundball, 6MD)
Batting: SHB Cash Masters 0-0: Called Strike
0-1: Ball
1-1: Called Strike
1-2: Fly out, F7 (Flyball, 7LSF)
Top of the 1st over - 0 run(s), 1 hit(s), 0 error(s), 1 left on base; Grim 0 - Niagara Falls 0
BOTTOM OF THE 1ST
Niagara Falls Expos batting - Pitching for Grim Reapers : RHP Pedro Adame
Pitching: RHP Pedro Adame
Batting: RHB Ramón Soto 0-0: Ball
1-0: SINGLE (Line Drive, 56D)
Batting: RHB Corey Dudding 0-0: Ball
1-0: Foul Ball, location: 2F
1-1: Swinging Strike
1-2: Strikes out swinging
Batting: RHB Hou Kong 0-0: Called Strike
0-1: Ball
1-1: Foul Ball, location: 2F
1-2: Foul Ball, location: 2F
1-2: Foul Ball, location: 2F
1-2: Strikes out swinging
Batting: RHB Gabe Cain 0-0: Ball
Ramón Soto is caught stealing 2nd base
Bottom of the 1st over - 0 run(s), 1 hit(s), 0 error(s), 0 left on base; Grim 0 - Niagara Falls 0
TOP OF THE 2ND
Grim Reapers batting - Pitching for Niagara Falls Expos : RHP Tony Moreno
Batting: RHB Lu-fang Koo 0-0: Ball
1-0: Ball
2-0: Ball
3-0: Base on Balls
Batting: RHB Luis Pagán 0-0: Swinging Strike
0-1: Called Strike
0-2: Strikes out looking
Batting: RHB Carlos Evangelho 0-0: Called Strike
Lu-fang Koo steals 2nd base
0-1: Ball
1-1: Ball
2-1: Fly out, F8 (Flyball, 8RM)
Batting: RHB Qu-bing Thien 0-0: Swinging Strike
0-1: Ball
1-1: Ball
2-1: Called Strike
2-2: Foul Ball, location: 2F
2-2: Strikes out swinging
Top of the 2nd over - 0 run(s), 0 hit(s), 0 error(s), 1 left on base; Grim 0 - Niagara Falls 0
BOTTOM OF THE 2ND
Niagara Falls Expos batting - Pitching for Grim Reapers : RHP Pedro Adame
Batting: RHB Gabe Cain 0-0: Foul Ball, location: 2F
0-1: Ball
1-1: Ball
2-1: Called Strike
2-2: Strikes out looking
Batting: RHB Fred Hulvey 0-0: Called Strike
0-1: Foul Ball, location: 2F
0-2: Strikes out looking
Batting: LHB Kalino Darri 0-0: Foul Ball, location: 2F
0-1: Ball
1-1: Called Strike
1-2: Strikes out looking
Bottom of the 2nd over - 0 run(s), 0 hit(s), 0 error(s), 0 left on base; Grim 0 - Niagara Falls 0
TOP OF THE 3RD
Grim Reapers batting - Pitching for Niagara Falls Expos : RHP Tony Moreno
Batting: RHB Bartolo Hernández 0-0: SINGLE (Groundball, 6MD)
Batting: LHB Tung Ji 0-0: Ball
1-0: Ball
2-0: Ball
3-0: Called Strike
3-1: Foul Ball, location: 2F
3-2: Base on Balls
Bartolo Hernández to second
Batting: RHB Yoshi Kouda 0-0: SINGLE (Groundball, 56D)
Bartolo Hernández to third
Tung Ji to second
Batting: RHB Ignacio Hernández 0-0: Ball
1-0: Called Strike
1-1: Ball
2-1: Swinging Strike
2-2: Strikes out swinging
Batting: SHB Cash Masters 0-0: Called Strike
0-1: Ball
1-1: Foul Ball, location: 2F
1-2: Grounds into double play, 4-6-3 (Groundball, 4)
Top of the 3rd over - 0 run(s), 2 hit(s), 0 error(s), 2 left on base; Grim 0 - Niagara Falls 0
BOTTOM OF THE 3RD
Niagara Falls Expos batting - Pitching for Grim Reapers : RHP Pedro Adame
Batting: LHB Bartholomew Bailey 0-0: Called Strike
0-1: Ball
1-1: Foul Ball, location: 2F
1-2: Ball
2-2: Ball
3-2: Ground out 4-3 (Groundball, 4S)
Batting: RHB Jaime Moya 0-0: Ball
1-0: Ball
2-0: Called Strike
2-1: Called Strike
2-2: Foul Ball, location: 2F
2-2: Strikes out swinging
Batting: RHB Bogumil Tiwontschik 0-0: Called Strike
0-1: SINGLE (Line Drive, 78S)
Batting: RHB Ramón Soto 0-0: Ball
Bogumil Tiwontschik is caught stealing 2nd base
Bottom of the 3rd over - 0 run(s), 1 hit(s), 0 error(s), 0 left on base; Grim 0 - Niagara Falls 0
TOP OF THE 4TH
Grim Reapers batting - Pitching for Niagara Falls Expos : RHP Tony Moreno
Batting: RHB Lu-fang Koo 0-0: Called Strike
0-1: Ball
1-1: SINGLE (Groundball, 6S) (infield hit)
Batting: RHB Luis Pagán 0-0: Ball
Lu-fang Koo is caught stealing 2nd base
1-0: Called Strike
1-1: Foul Ball, location: 2F
1-2: SINGLE (Groundball, 6MD)
Batting: RHB Carlos Evangelho 0-0: Ground out 6-3 (Groundball, 6S)
Luis Pagán to second
Batting: RHB Qu-bing Thien 0-0: Called Strike
0-1: Called Strike
0-2: Ball
1-2: Ball
2-2: Strikes out swinging
Top of the 4th over - 0 run(s), 2 hit(s), 0 error(s), 1 left on base; Grim 0 - Niagara Falls 0
BOTTOM OF THE 4TH
Niagara Falls Expos batting - Pitching for Grim Reapers : RHP Pedro Adame
Batting: RHB Ramón Soto 0-0: Ball
1-0: Called Strike
1-1: SINGLE (Flyball, 9LM)
Batting: RHB Corey Dudding 0-0: 2-RUN HOME RUN (Flyball, 89D), Distance : 416 ft
Batting: RHB Hou Kong 0-0: Ball
1-0: Called Strike
1-1: Ball
2-1: Foul Ball, location: 2F
2-2: Strikes out swinging
Batting: RHB Gabe Cain 0-0: Ball
1-0: Ground out 6-3 (Groundball, 6)
Batting: RHB Fred Hulvey 0-0: Ground out 5-3 (Groundball, 56)
Bottom of the 4th over - 2 run(s), 2 hit(s), 0 error(s), 0 left on base; Grim 0 - Niagara Falls 2
TOP OF THE 5TH
Grim Reapers batting - Pitching for Niagara Falls Expos : RHP Tony Moreno
Batting: RHB Bartolo Hernández 0-0: Ball
1-0: Swinging Strike
1-1: Fly out, F9 (Flyball, 9)
Batting: LHB Tung Ji 0-0: Foul Ball, location: 2F
0-1: Foul Ball, location: 2F
0-2: Foul Ball, location: 2F
0-2: Ball
1-2: Ball
2-2: Ball
3-2: Foul Ball, location: 2F
3-2: Base on Balls
Batting: RHB Yoshi Kouda 0-0: Ball
1-0: Ball
2-0: Called Strike
2-1: SINGLE (Line Drive, 7S)
Tung Ji to second
Batting: RHB Ignacio Hernández 0-0: Called Strike
0-1: Foul Ball, location: 2F
0-2: Ball
1-2: Strikes out swinging
Batting: SHB Cash Masters 0-0: Ball
1-0: Called Strike
1-1: Ball
2-1: Swinging Strike
2-2: Foul Ball, location: 2F
2-2: Foul Ball, location: 2F
2-2: Ball
3-2: Strikes out swinging
Top of the 5th over - 0 run(s), 1 hit(s), 0 error(s), 2 left on base; Grim 0 - Niagara Falls 2
BOTTOM OF THE 5TH
Niagara Falls Expos batting - Pitching for Grim Reapers : RHP Pedro Adame
Batting: LHB Kalino Darri 0-0: Ball
1-0: Called Strike
1-1: Ground out 5-3 (Groundball, 56S)
Batting: LHB Bartholomew Bailey 0-0: Called Strike
0-1: Foul Ball, location: 2F
0-2: Strikes out looking
Batting: RHB Jaime Moya 0-0: Called Strike
0-1: Foul Ball, location: 2F
0-2: Hit by Pitch
Batting: RHB Bogumil Tiwontschik 0-0: Called Strike
0-1: Ground out 5-3 (Groundball, 56S)
Bottom of the 5th over - 0 run(s), 0 hit(s), 0 error(s), 1 left on base; Grim 0 - Niagara Falls 2
TOP OF THE 6TH
Grim Reapers batting - Pitching for Niagara Falls Expos : RHP Tony Moreno
Batting: RHB Lu-fang Koo 0-0: Called Strike
0-1: Swinging Strike
0-2: Strikes out swinging
Batting: RHB Luis Pagán 0-0: Ball
1-0: Ball
2-0: Ball
3-0: Foul Ball, location: 2F
3-1: Bunt for hit - play at first, batter OUT! 3-4
Batting: RHB Carlos Evangelho 0-0: SINGLE (Groundball, 56D)
Batting: RHB Qu-bing Thien 0-0: Foul Ball, location: 2F
0-1: Foul Ball, location: 2F
0-2: Strikes out swinging
Top of the 6th over - 0 run(s), 1 hit(s), 0 error(s), 1 left on base; Grim 0 - Niagara Falls 2
BOTTOM OF THE 6TH
Niagara Falls Expos batting - Pitching for Grim Reapers : RHP Pedro Adame
Batting: RHB Ramón Soto 0-0: Ball
1-0: Called Strike
1-1: Swinging Strike
1-2: Fly out, F8 (Flyball, 8LD)
Batting: RHB Corey Dudding 0-0: Ball
1-0: Foul Ball, location: 2F
1-1: DOUBLE (Line Drive, 89D)
Batting: RHB Hou Kong 0-0: Called Strike
0-1: SINGLE (Groundball, 6MD)
Corey Dudding to third
Batting: RHB Gabe Cain 0-0: Ball
1-0: Called Strike
1-1: Ball
2-1: Ball
3-1: Swinging Strike
3-2: Foul Ball, location: 2F
3-2: Foul Ball, location: 2F
3-2: Fielders Choice at 2nd, 4-6 (Groundball, 34)
Corey Dudding scores
Pitching: RHP Francisco Rivera
Batting: RHB Fred Hulvey 0-0: Called Strike
0-1: Fly out, F7 (Flyball, 78S)
Bottom of the 6th over - 1 run(s), 2 hit(s), 0 error(s), 1 left on base; Grim 0 - Niagara Falls 3
TOP OF THE 7TH
Grim Reapers batting - Pitching for Niagara Falls Expos : RHP Tony Moreno
Now at C: Júlio Ibarra
Batting: RHB Bartolo Hernández 0-0: Swinging Strike
0-1: Called Strike
0-2: Strikes out swinging
Batting: LHB Tung Ji 0-0: Swinging Strike
0-1: Called Strike
0-2: Strikes out swinging
Batting: RHB Yoshi Kouda 0-0: Ball
1-0: Ball
2-0: Foul Ball, location: 2F
2-1: Ball
3-1: SINGLE (Line Drive, 34D)
Pitching: RHP Benedicto Castellon
Batting: RHB Ignacio Hernández 0-0: SINGLE (Line Drive, 8LS)
Yoshi Kouda to second
Batting: SHB Cash Masters 0-0: Ball
1-0: Called Strike
1-1: Fly out, F8 (Line Drive, 8LM)
Top of the 7th over - 0 run(s), 2 hit(s), 0 error(s), 2 left on base; Grim 0 - Niagara Falls 3
BOTTOM OF THE 7TH
Niagara Falls Expos batting - Pitching for Grim Reapers : RHP Francisco Rivera
Batting: LHB Kalino Darri 0-0: Ball
1-0: Swinging Strike
1-1: Ball
2-1: Ball
3-1: Swinging Strike
3-2: Ground out 6-3 (Groundball, 6M)
Batting: LHB Bartholomew Bailey 0-0: Called Strike
0-1: Ball
1-1: Called Strike
1-2: Strikes out swinging
Batting: RHB Jaime Moya 0-0: Ball
1-0: Ball
2-0: Called Strike
2-1: Ground out 1-3 (Groundball, P)
Bottom of the 7th over - 0 run(s), 0 hit(s), 0 error(s), 0 left on base; Grim 0 - Niagara Falls 3
TOP OF THE 8TH
Grim Reapers batting - Pitching for Niagara Falls Expos : RHP Benedicto Castellon
Batting: RHB Lu-fang Koo 0-0: Foul Ball, location: 2F
0-1: Ball
1-1: Swinging Strike
1-2: Ball
2-2: Strikes out swinging
Batting: RHB Luis Pagán 0-0: Foul Ball, location: 2F
0-1: Swinging Strike
0-2: SINGLE (Groundball, 56D)
Batting: RHB Carlos Evangelho 0-0: Grounds into double play, 6-4-3 (Groundball, 6)
Top of the 8th over - 0 run(s), 1 hit(s), 0 error(s), 0 left on base; Grim 0 - Niagara Falls 3
BOTTOM OF THE 8TH
Niagara Falls Expos batting - Pitching for Grim Reapers : RHP Francisco Rivera
Batting: RHB Bogumil Tiwontschik 0-0: Foul Ball, location: 2F
0-1: Called Strike
0-2: Ball
1-2: Strikes out swinging
Batting: RHB Ramón Soto 0-0: Ball
1-0: Called Strike
1-1: DOUBLE (Groundball, 5L)
Batting: LHB Júlio Ibarra 0-0: Called Strike
0-1: Ball
1-1: Foul Ball, location: 2F
1-2: Strikes out swinging
Pitching: LHP John Hartley
Batting: RHB Hou Kong 0-0: Ball
1-0: Ball
2-0: Ball
3-0: Called Strike
3-1: Foul Ball, location: 2F
3-2: Foul Ball, location: 2F
3-2: Fly out, F8 (Flyball, 8LM)
Bottom of the 8th over - 0 run(s), 1 hit(s), 0 error(s), 1 left on base; Grim 0 - Niagara Falls 3
TOP OF THE 9TH
Grim Reapers batting - Pitching for Niagara Falls Expos : RHP Benedicto Castellon
Pitching: LHP Mannus Dijkman
Batting: RHB Qu-bing Thien 0-0: Ground out 6-3 (Groundball, 6)
Batting: RHB Bartolo Hernández 0-0: Called Strike
0-1: Swinging Strike
0-2: Ball
1-2: Strikes out swinging
Batting: LHB Tung Ji 0-0: Called Strike
0-1: Ball
1-1: Ball
2-1: Called Strike
2-2: Ball
3-2: Strikes out swinging
Top of the 9th over - 0 run(s), 0 hit(s), 0 error(s), 0 left on base; Grim 0 - Niagara Falls 3
Wednesday, August 23rd, 2017 - OOTP Baseball 17.12 Build 75